 Dungeon Sprint DCSS version 0.31-a0-460-g9e667d4245 (webtiles) character file.

Game seed: 6771062125945448244

57 rocky1 the Ruffian (level 4, -3/45 HPs)
             Began as an Octopode Shapeshifter on Aug 5, 2023.
             Was a Priest of Sif Muna.
             Slain by a gnoll sergeant
             ... wielding a +0 spear
              (9 damage)
             ... in the Dungeon (Sprint VII: "The Pits").
             The game lasted 00:00:50 (307 turns).

rocky1 the Ruffian (Octopode Shapeshifter)           Turns: 307, Time: 00:00:51

Health: -3/45      AC:  1    Str: 14    XL:     4   Next: 0%
Magic:  3/6        EV: 13    Int: 12    God:    Sif Muna [***...]
Gold:   0          SH:  0    Dex: 12    Spells: 6/6 levels left

rFire   . .          .
                       - Unarmed
rCold   . . .        (no shield)
rNeg    . . .        (helmet currently unavailable)
rPois   .            (no amulet)
rElec   .            (no ring)
rCorr   .            (no ring)
SInv    .            (no ring)
Will    .....        (no ring) Stlth
                     (no ring)
HPRegen 0.27/turn    (no ring)
MPRegen 0.10/turn    (no ring)
                     (no ring)

%: no teleportation
@: berserking, beast-form, very quick
A: beast (slay +3), almost no armour, amphibious, 8 rings, camouflage 1,
gelatinous body 1, (nimble swimmer 1), tentacles
a: Begin Untransformation, Renounce Religion, Channel Magic, Forget Spell


You were in the Dungeon.
You worshipped Sif Muna.
Sif Muna was most pleased with you.
You were a hulking beast.
You visited 1 branch

Inventory:

Talismans
 b - a beast talisman (active)
Scrolls
 h - a scroll of blinking
 j - 5 scrolls of amnesia
 k - a scroll of summoning
Potions
 a - a potion of lignification
 c - a potion of curing
 e - a potion of haste
 f - 4 potions of magic
 g - a potion of berserk rage
 i - 2 potions of invisibility


   Skills:
 + Level 2.4 Fighting
 + Level 3.1 Dodging
 * Level 5.1 Unarmed Combat
 + Level 1.7 Spellcasting
 * Level 4.7 Shapeshifting


You had 6 spell levels left.
You didn't know any spells.
Your spell library was empty.

Dungeon Overview and Level Annotations

Branches:
Dungeon (1/1)

Altars:
Ashenzari
Cheibriados
Dithmenos
Elyvilon
Fedhas
Gozag
Hepliaklqana
Kikubaaqudgha
Makhleb
Nemelex Xobeh
Okawaru
Qazlal
Ru
Sif Muna
Trog
Uskayaw
Vehumet
Wu Jian
Xom
Yredelemnul
Zin
The Shining One
Jiyva
Lugonu


Innate Abilities, Weirdness & Mutations

You are a hulking beast.
Your limbs bulge with bestial killing power. (Slay +3)
You cannot wear most types of armour.
You are amphibious.
You can wear up to eight rings at the same time.
Your skin changes colour to match your surroundings (Stealth+).
Your rubbery body absorbs attacks. (AC +1, EV +1)
((You are camouflaged when in or above water. (Stealth+)))
You have tentacles for arms and can constrict up to eight enemies at once.


Message History

The ball python attacks as you move away!
The ball python misses you. The ball python barely misses you.
You barely miss the ball python. Your grab misses the ball python.
The ball python closely misses you. The ball python grabs you.
The ball python constricts you.
You tentacle-slap the ball python.
You kill the ball python!
Sif Muna accepts your kill.
The gnoll sergeant hits you from afar with a +0 spear.
Unknown command.
You feel much better.
A gnoll comes into view. It is wielding a +0 whip.
The gnoll sergeant hits you from afar with a +0 spear!
Ouch! That really hurt!
The gnoll closely misses you.
A red film seems to cover your vision as you go berserk!
You feel yourself moving faster!
You feel mighty! The gnoll sergeant closely misses you.
The gnoll hits you with a +0 flail.
You bludgeon the gnoll! You grab the gnoll.
The gnoll is severely wounded.
You constrict the gnoll, but do no damage.
You bludgeon the gnoll!
You kill the gnoll!
Sif Muna accepts your kill.
You can now freely open your mind to new spells.
The gnoll sergeant barely misses you.
Your Dodging skill increases to level 3!
You bludgeon the gnoll! Your grab misses the gnoll.
Your tentacle-slap misses the gnoll.
The gnoll is severely wounded.
The gnoll sergeant hits you from afar with a +0 spear!
* * * LOW HITPOINT WARNING * * *
The gnoll barely misses you.
You bludgeon the gnoll!
You kill the gnoll!
Sif Muna accepts your kill.
Your Unarmed Combat skill increases to level 5!
You have reached level 4!
The gnoll sergeant hits you with a +0 spear!
You die...

##########.##........
#...........'........
#+#####'#####......#.
#..#รท)# #........
#..'..# ####'####
#.)#### #.......#
#..# # #.......# #..#
g# #.......#
##h#..#+###...<...#
#..g.....##.......#
#........##.......#
###########.......#
#########


You could see a gnoll sergeant.

Vanquished Creatures
  3 gnolls (D)
  2 river rats (D)
  An orc (D)
  2 ball pythons (D)
  2 goblins (D)
  A hobgoblin (D)
  A frilled lizard (D)
12 creatures vanquished.

Notes
Turn   | Place    | Note
-------+----------+-------------------------------------------
     0 | D        | rocky1 the Octopode Shapeshifter began the quest for the
                  | Orb.
     0 | D        | Reached XP level 1. HP: 13/13 MP: 1/1
    15 | D        | Reached skill level 4 in Unarmed Combat
    15 | D        | Reached XP level 2. HP: 18/18 MP: 2/2
    19 | D        | Found a bloodstained altar of Trog.
    19 | D        | Found a shimmering blue altar of Sif Muna.
    19 | D        | Found a viscous altar of Jiyva.
    19 | D        | Found a hazy altar of Hepliaklqana.
    19 | D        | Found an opulent altar of Gozag.
    20 | D        | Found a glowing golden altar of the Shining One.
    20 | D        | Found a glowing silver altar of Zin.
    20 | D        | Found a basalt altar of Yredelemnul.
    20 | D        | Found a shimmering altar of Xom.
    20 | D        | Found an ornate altar of the Wu Jian Council.
    20 | D        | Found a sacrificial altar of Ru.
    20 | D        | Found a stormy altar of Qazlal.
    20 | D        | Found an iron altar of Okawaru.
    20 | D        | Found a sparkling altar of Nemelex Xobeh.
    20 | D        | Found a burning altar of Makhleb.
    20 | D        | Found a blossoming altar of Fedhas.
    20 | D        | Found a white marble altar of Elyvilon.
    20 | D        | Found a shadowy altar of Dithmenos.
    20 | D        | Found a snail-covered altar of Cheibriados.
    23 | D        | Found a corrupted altar of Lugonu.
    23 | D        | Found a radiant altar of Vehumet.
    24 | D        | Found an ancient bone altar of Kikubaaqudgha.
    24 | D        | Found a hide-covered altar of Uskayaw.
    24 | D        | Found a broken altar of Ashenzari.
    25 | D        | Became a worshipper of Sif Muna the Loreminder
    83 | D        | Reached * piety under Sif Muna
   285 | D        | Reached ** piety under Sif Muna
   286 | D        | Reached skill level 1 in Spellcasting
   286 | D        | Reached XP level 3. HP: 24/24 MP: 2/4
   297 | D        | Noticed a gnoll sergeant
   304 | D        | Reached *** piety under Sif Muna
   307 | D        | Reached skill level 5 in Unarmed Combat
   307 | D        | Reached XP level 4. HP: 6/30 MP: 3/6
   307 | D        | Slain by a gnoll sergeant

Illustrated notes

Levels and vault maps discovered:
D:        pitsprint [storerooms_1, entrance_room_1, metal_vault_2, armoury_1,
          mini_pit_1, grid_room_1, main_hall_1, silver_pit, the_coven_3,
          the_vestibule_1, steel_vault_3, golden_pit, hallway_of_sentries,
          crystal_vault_1, iron_vault_1, final_vault]

Skill      XL: |  1  2  3 |
---------------+----------+-----
Unarmed Combat | 4 5 |  5.1
Shapeshifting  | 4 |  4.7
Spellcasting   | 1 |  1.7
Fighting       | 2 |  2.4
Dodging        | 3 |  3.1

Action                     |  1- 3 |  4- 6 || total
---------------------------+-------+-------++-------
  Melee: Unarmed           |    19 |       ||    19
         Constrict         |     8 |       ||     8
         Tentacles         |     5 |       ||     5
         Punch             |     1 |       ||     1
    Use: Potion            |     3 |       ||     3
   Stab: Sleeping          |     1 |       ||     1
  Dodge: Dodged            |    14 |       ||    14

Table legend: (Time is in decaauts)
 A = Elapsed time spent in this place.
 B = Non-inter-level travel time spent in this place.
 C = Inter-level travel time spent in this place.
 D = Time resting spent in this place.
 E = Time spent auto-exploring this place.
 F = Levels seen in this place.
 G = Mean time per level.
                   A        B        C        D        E       F      G
               +--------+--------+--------+--------+--------+-----+--------+
         Total |    317 |    317 |      0 |    197 |      0 |   1 |  317.0 |
       Dungeon |    317 |    317 |      0 |    197 |      0 |   1 |  317.0 |
               +--------+--------+--------+--------+--------+-----+--------+

Top non-repeatable levels by time:
       D: 317 daAuts
